[Event "44th Badalona Open 2018"]
[Site "Badalona"]
[Date "2018.08.03"]
[Round "3"]
[White "Panelo, Marcelo"]
[Black "Fernandez, Maria Florencia"]
[Result "1-0"]
[ECO "A05"]
[WhiteElo "2360"]
[BlackElo "2215"]
[Annotator "NA"]
[PlyCount "75"]
[EventDate "2018.08.01"]
[EventType "swiss"]
[EventCountry "ESP"]
[SourceTitle "playchess.com"]
[Source "ChessBase"]
[SourceQuality "1"]
[TimeControl "5400+30"]

1. Nf3 Nf6 2. b3 g6 3. Bb2 Bg7 4. g3 O-O 5. Bg2 c5 6. c4 Nc6 7. O-O d6 8. d4 cxd4 9. Nxd4 Nxd4 10. Qxd4 Nh5 11. Qd2 Bxb2 12. Qxb2 Rb8 13. Nc3 Be6 14. Rfd1 Qb6 15. Rd2 Nf6 16. e4 Qa5 17. Re1 Qh5 18. Nd5 Bxd5 19. exd5 Rfe8 20. Rde2 b5 21. Rxe7 Rxe7 22. Rxe7 Ng4 23. h3 Ne5 24. c5 Nf3+ 25. Kh1 Ng5 26. Qf6 dxc5 27. f4 Rf8 28. fxg5 Qd1+ 29. Qf1 Qd2 30. Rxa7 Qxg5 31. Kh2 h5 32. h4 Qe3 33. Qf4 Qe2 34. d6 c4 35. bxc4 bxc4 36. Rc7 Qxa2 37. Qxc4 Qd2 38. Qd5 1-0

[Event "44th Badalona Open 2018"]
[Site "Badalona"]
[Date "2018.08.03"]
[Round "3"]
[White "Abhishek, Das"]
[Black "Aguero Jimenez, Luis Lazaro"]
[Result "1/2-1/2"]
[ECO "B22"]
[WhiteElo "2314"]
[BlackElo "2482"]
[Annotator "ChessBase"]
[PlyCount "69"]
[EventDate "2018.08.01"]
[EventType "swiss"]
[EventCountry "ESP"]
[SourceTitle "playchess.com"]
[Source "ChessBase"]
[SourceQuality "1"]
[TimeControl "5400+30"]

1. e4 c5 2. c3 Nf6 3. e5 Nd5 4. d4 cxd4 5. Nf3 e6 6. cxd4 d6 7. Bc4 Be7 8. O-O O-O 9. Qe2 Nc6 10. Nc3 dxe5 11. dxe5 Nxc3 12. bxc3 b6 13. Qe4 Bb7 14. Bd3 g6 15. Bh6 Re8 16. Rad1 Qc7 17. Qf4 Red8 18. Rfe1 Rd5 19. c4 Rc5 20. h4 Nb4 21. Ng5 Bf8 22. Bxf8 Nxd3 23. Rxd3 Rxf8 24. Qf6 Rxc4 25. h5 h6 26. hxg6 hxg5 27. Qxg5 f6 28. exf6 Qf4 29. f7+ Kg7 30. Qe7 Rc1 31. Rxc1 Qxc1+ 32. Kh2 Qf4+ 33. Kg1 Qc1+ 34. Kh2 Qf4+ 35. Kg1 1/2-1/2

[Event "44th Badalona Open 2018"]
[Site "Badalona"]
[Date "2018.08.03"]
[Round "3"]
[White "Harikrishnan, A Ra"]
[Black "Diaz Camallonga, Carles"]
[Result "1/2-1/2"]
[ECO "A14"]
[WhiteElo "2301"]
[BlackElo "2445"]
[Annotator "NA"]
[PlyCount "96"]
[EventDate "2018.08.01"]
[EventType "swiss"]
[EventCountry "ESP"]
[SourceTitle "playchess.com"]
[Source "ChessBase"]
[SourceQuality "1"]
[TimeControl "5400+30"]

1. Nf3 Nf6 2. c4 e6 3. g3 d5 4. Bg2 Be7 5. O-O O-O 6. d4 dxc4 7. Qc2 c6 8. Qxc4 b5 9. Qc2 Bb7 10. Nc3 Nbd7 11. Bg5 h6 12. Bxf6 Nxf6 13. Ne4 Nxe4 14. Qxe4 Rb8 15. Qc2 Qb6 16. e3 c5 17. dxc5 Bxc5 18. Rfc1 Rbc8 19. Qe2 Be7 20. Ne5 Bxg2 21. Kxg2 Bf6 22. Ng4 Qb7+ 23. f3 Be7 24. Nf2 Rfd8 25. Rd1 Rd5 26. Rac1 Rdc5 27. Nd3 Rc4 28. b3 Rc3 29. Rxc3 Rxc3 30. Rc1 Qc7 31. Qb2 b4 32. Rxc3 bxc3 33. Qc2 a5 34. Nf2 f5 35. Kf1 Qc5 36. Ke2 Bf6 37. Nd1 h5 38. Nf2 Qc7 39. Nd3 h4 40. Kf2 Qd6 41. Nf4 hxg3+ 42. hxg3 Be5 43. Ke2 Kf7 44. Qd3 Qc6 45. Qc4 Qb6 46. Qd3 Qc6 47. Qc4 Qd6 48. Qd3 Qc6 1/2-1/2

[Event "44th Badalona Open 2018"]
[Site "Badalona"]
[Date "2018.08.03"]
[Round "3"]
[White "Escandell, Juan C"]
[Black "Perez Mitjans, Orelvis"]
[Result "0-1"]
[ECO "C88"]
[WhiteElo "2227"]
[BlackElo "2402"]
[Annotator "NA"]
[PlyCount "88"]
[EventDate "2018.08.01"]
[EventType "swiss"]
[EventCountry "ESP"]
[SourceTitle "playchess.com"]
[Source "ChessBase"]
[SourceQuality "1"]
[TimeControl "5400+30"]

1. e4 e5 2. Nf3 Nc6 3. Bb5 a6 4. Ba4 Nf6 5. O-O Be7 6. Re1 b5 7. Bb3 O-O 8. a4 b4 9. d4 d6 10. dxe5 dxe5 11. Qxd8 Rxd8 12. Nbd2 Bc5 13. h3 Bb7 14. Ng5 Rd7 15. Nc4 h6 16. Nf3 Re8 17. a5 Rdd8 18. Ba4 Re6 19. c3 bxc3 20. bxc3 Ne7 21. Bc2 Ng6 22. Be3 Bf8 23. Bc1 Bc6 24. g3 Nd7 25. Rd1 Rde8 26. Ne3 Nc5 27. Nd5 Rc8 28. Be3 Bb5 29. Nd2 Ree8 30. f3 Bd6 31. Nf1 Nf8 32. Nxc7 Bxc7 33. Bxc5 Ne6 34. Bf2 Ng5 35. Kg2 Be2 36. Rd3 Bxd3 37. Bxd3 Red8 38. Be2 Ne6 39. Ne3 Rd2 40. Nd5 Bd8 41. Bxa6 Ra8 42. Bb7 Rxa5 43. Rxa5 Bxa5 44. Kf1 Rc2 0-1

[Event "44th Badalona Open 2018"]
[Site "Badalona"]
[Date "2018.08.03"]
[Round "3"]
[White "Kruijf, Caspar"]
[Black "Alcala Gonzalez, Cesar"]
[Result "1-0"]
[ECO "B17"]
[WhiteElo "1918"]
[BlackElo "1815"]
[Annotator "NA"]
[PlyCount "83"]
[EventDate "2018.08.01"]
[EventType "swiss"]
[EventCountry "ESP"]
[SourceTitle "playchess.com"]
[Source "ChessBase"]
[SourceQuality "1"]
[TimeControl "5400+30"]

1. e4 c6 2. d4 d5 3. Nc3 dxe4 4. Nxe4 Nd7 5. Bc4 Ngf6 6. Nxf6+ Nxf6 7. c3 Qc7 8. Qb3 e6 9. Nf3 Bd6 10. O-O O-O 11. Re1 b6 12. Bg5 Nd7 13. Bh4 Bb7 14. Bg3 Bxg3 15. hxg3 c5 16. Rad1 cxd4 17. Nxd4 Nc5 18. Qc2 a6 19. Be2 e5 20. Nf3 h6 21. Qf5 Rae8 22. b4 Bc8 23. Qc2 Nd7 24. c4 Bb7 25. Qd2 Rd8 26. Qd6 Qc6 27. Qxc6 Bxc6 28. Rd6 Ba4 29. Bd1 e4 30. Nh4 Bxd1 31. Rexd1 f5 32. Rxd7 Rxd7 33. Rxd7 Rf6 34. Rd5 g6 35. c5 bxc5 36. bxc5 Kf7 37. Kf1 Rc6 38. Ke2 Ke6 39. Rd6+ Rxd6 40. cxd6 Kxd6 41. Nxg6 Ke6 42. Ke3 1-0

[Event "44th Badalona Open 2018"]
[Site "Badalona"]
[Date "2018.08.03"]
[Round "3"]
[White "Carricondo Fernandez, Vicente"]
[Black "Alonso Gomez, Raul"]
[Result "0-1"]
[ECO "B30"]
[WhiteElo "1824"]
[BlackElo "1907"]
[Annotator "NA"]
[PlyCount "98"]
[EventDate "2018.08.01"]
[EventType "swiss"]
[EventCountry "ESP"]
[SourceTitle "playchess.com"]
[Source "ChessBase"]
[SourceQuality "1"]
[TimeControl "5400+30"]

1. e4 c5 2. Nf3 Nc6 3. Nc3 a6 4. b3 g6 5. Bb2 Bg7 6. Na4 Nd4 7. Nxd4 cxd4 8. Nc5 d5 9. Qf3 b6 10. Nd3 e5 11. Nb4 Ne7 12. Nxd5 Nxd5 13. exd5 Bb7 14. Bd3 O-O 15. O-O-O f5 16. Qg3 Bxd5 17. f3 b5 18. h4 b4 19. h5 Qf6 20. hxg6 hxg6 21. Qh3 Kf7 22. Be4 Rad8 23. Rhf1 Rh8 24. Qg3 Qh4 25. Bxd5+ Rxd5 26. Qxh4 Rxh4 27. Rh1 Rxh1 28. Rxh1 Rc5 29. d3 Rc8 30. a3 a5 31. a4 Rh8 32. Rxh8 Bxh8 33. Kd1 g5 34. Bc1 Bf6 35. Ke2 g4 36. f4 Ke6 37. fxe5 Bxe5 38. Bh6 f4 39. Bg5 Bc7 40. Bh6 Kf7 41. Bg5 Ke6 42. Bh6 Bd6 43. Bg5 Bc7 44. Bh6 Kf7 45. Bg5 Kg6 46. Be7 Kh5 47. Bc5 Be5 48. Bb6 Kh4 49. Bxa5 Kg3 0-1